 Dungeon Crawl Stone Soup version 0.29-a0-870-g2c972031a6 (webtiles) character file.

Game seed: 3942791703310194436

8422 concernfroge the Spear-Bearer (level 11, -1/90 HPs)
             Began as a Mummy Monk on July 17, 2022.
             Was an Elder of Okawaru.
             Slain by a komodo dragon (10 damage)
             ... on level 2 of the Lair of Beasts on July 18, 2022.
             The game lasted 00:41:05 (9094 turns).

concernfroge the Spear-Bearer (Mummy Monk)          Turns: 9094, Time: 00:41:06

Health: -1/90      AC: 13    Str: 18    XL:     11   Next: 9%
Magic:  9/11       EV: 12    Int: 10    God:    Okawaru [****..]
Gold:   652        SH: 10    Dex: 15    Spells: 10/10 levels left

rFire   . . .      SeeInvis .   f - +0 trident
rCold   + + .      Faith    .   b - +1 kite shield of Watchfulness {rF+ rCorr Stlth+}
rNeg    + + +      Spirit   .   g - +2 ring mail {Will+}
rPois   ∞          Reflect  .   (no helmet)
rElec   .          Harm     .   r - +0 cloak
rCorr   +          Rampage  .   i - +0 pair of gloves
Will    ++...                   n - +2 pair of boots
Stlth   ++++......              h - amulet of regeneration
HPRegen 1.05/turn               q - ring of protection from cold
MPRegen 0.12/turn               (no ring)

@: heroic
A: cold resistance 1, negative energy resistance 3, torment resistance 2, heat
vulnerability 1, in touch with death 1, no potions
a: Renounce Religion, Heroism, Finesse


You were on level 2 of the Lair of Beasts.
You worshipped Okawaru.
Okawaru was greatly pleased with you.
You visited 3 branches of the dungeon, and saw 11 of its levels.

You collected 652 gold pieces.

Inventory:

Hand Weapons
 f - a +0 trident (weapon)
Missiles
 p - 6 silver javelins
Armour
 b - the +1 kite shield of Watchfulness (worn) {rF+ rCorr Stlth+}
   (You found it on level 2 of the Dungeon)

   rF:        It protects you from fire.
   rCorr:     It protects you from acid and corrosion.
   Stlth:     It makes you more stealthy.
 g - a +2 ring mail of willpower (worn)
 i - a +0 pair of gloves (worn)
 n - a +2 pair of boots (worn)
 r - a +0 cloak (worn)
 t - a +0 plate armour
Jewellery
 c - an amulet of faith
 h - an amulet of regeneration (around neck)
 m - an amulet of the acrobat
 q - a ring of protection from cold (left hand)
Wands
 a - a wand of digging (11)
 j - a wand of polymorph (12)
 l - a wand of mindburst (10)
Scrolls
 d - a scroll of amnesia
 e - 2 scrolls of enchant weapon
 k - 2 scrolls of teleportation
 o - a scroll of fog
 s - 6 scrolls of identify


   Skills:
 - Level 10.0(15.0) Fighting
 + Level 12.4(17.4) Polearms
 - Level 2.4(7.4) Dodging
 - Level 1.5(6.5) Stealth


You had 10 spell levels left.
You didn't know any spells.
Your spell library contained the following spells:

 Spells                   Type           Power      Damage    Failure   Level
 Sting                    Tmut/Pois      0%         1d3       88%         1
 Poisonous Vapours        Pois/Air       0%         N/A       95%         2
 Scorch                   Fire           0%         2d5       95%         2
 Inner Flame              Hex/Fire       0%         N/A       99%         3
 Ozocubu's Armour         Ice            0%         N/A       99%         3
 Cause Fear               Hex            0%         N/A       100%        4
 Flame Wave               Conj/Fire      0%         2d4       100%        4
 Olgreb's Toxic Radiance  Pois           0%         N/A       100%        4
 Metabolic Englaciation   Hex/Ice        0%         N/A       100%        5
 Discord                  Hex            0%         N/A       100%        8
 Simulacrum               Ice/Necr       Unusable   N/A       N/A         6
 Summon Cactus Giant      Summ           Unusable   N/A       N/A         6

Dungeon Overview and Level Annotations

Branches:
Dungeon (8/15)             Temple (1/1) D:7            Lair (2/5) D:8
  Swamp: Lair:2-3    Shoals: Lair:2-3     Snake: Lair:2-3    Spider: Lair:2-3

Altars:
Cheibriados
Dithmenos
Fedhas
Gozag
Kikubaaqudgha
Makhleb
Nemelex Xobeh
Okawaru
Qazlal
Ru
Sif Muna
Trog
Uskayaw
Vehumet
Wu Jian
Xom
Yredelemnul

Shops:
D:7 !

Annotations:
D:7 3 runed translucent doors, MisterPants's ghost, novice MiAr
D:8 4 runed translucent doors, exclusion: orange crystal statue
Lair:2 2 transporters


Innate Abilities, Weirdness & Mutations

You are immune to poison.
Your flesh is cold resistant. (rC+)
You are immune to negative energy. (rN+++)
You are immune to unholy pain and torment.
You are vulnerable to heat. (rF-)
You are in touch with the powers of death.
You do not drink.


Message History

You hit the komodo dragon but do no damage.
The komodo dragon is heavily wounded.
The komodo dragon barely misses you.
You hit the komodo dragon but do no damage.
The komodo dragon is heavily wounded.
You feel like a meek peon again. The komodo dragon bites you!!
You closely miss the komodo dragon.
The komodo dragon is heavily wounded.
You gain the combat prowess of a mighty hero.
The komodo dragon bites you!
You barely miss the komodo dragon.
The komodo dragon is heavily wounded.
You block the komodo dragon's attack.
You hit the komodo dragon.
The komodo dragon is heavily wounded.
The komodo dragon bites you!
You hit the komodo dragon.
The komodo dragon is severely wounded.
The komodo dragon bites you.
You hit the komodo dragon.
The komodo dragon is severely wounded.
The komodo dragon bites you!!
* * * LOW HITPOINT WARNING * * *
Okay, then.
Aiming: Mindburst
Press: ? - help, Shift-Dir - straight line, f - komodo dragon
Aim: a komodo dragon (severely wounded, chance to affect: 47%)
The komodo dragon resists with some effort.
You block the komodo dragon's attack.
The air fills with toxic fumes!
As you read the scroll of poison, it crumbles to dust.
The komodo dragon closely misses you.
The komodo dragon attacks as you move away!
You block the komodo dragon's attack.
The komodo dragon is engulfed in poison gas.
The komodo dragon is poisoned.
The komodo dragon attacks as you move away!
The komodo dragon bites you!
You die...

#......####.#.
...§§#§§..... ##
...§§§§§.?.# .
P...§§§§§..#
##.)..§.§§..# ##
......##.§#.# ..# #
.#.....#§§§+##..## ###
#......§§§l§§§..P#
#P#####....§§§§§@§§§§##
..........§§§§§§§§§§§#
.........§§§§§§§§§§§§#
.........§§§§§§§§§§§§..#
.........§§#§§###§§#§###
#....##...#.##.##..#S.#
.#.#.###..##......## .#
......##............ #
#.....##...........#


You could see a komodo dragon (poisoned) and a water moccasin (asleep).

Vanquished Creatures
  A hydra (Lair:2)
  An ugly thing (D:8)
  Joseph (D:7)
  A black mamba (Lair:2)
  2 cane toads
  A hornet (D:8)
  Grinder (D:5)
  Prince Ribbit (D:8)
  9 yaks
  2 wyverns
  3 vampire mosquitoes (D:7)
  A steam dragon (D:7)
  2 water moccasins
  Menkaure (D:7)
  2 ice beasts
  An orc warrior (D:6)
  2 black bears
  3 sky beasts
  2 ogres (D:5)
  A centaur (D:5)
  2 phantoms
  3 kobold brigands
  2 gnoll sergeants (D:7)
  3 bullfrogs
  A scorpion (D:5)
  5 wights (D:8)
  3 killer bees (D:7)
  4 crimson imps (D:7)
  6 hounds
  2 jellies
  6 orc priests
  Crazy Yiuf (D:4)
  Natasha (thrice) (D:4)
  4 iguanas
  5 orc wizards
  11 gnolls
  6 adders
  An ufetubus (D:6)
  2 worms
  7 dart slugs
  19 orcs
  9 ball pythons
  5 endoplasms
  2 giant cockroaches
  4 hobgoblins
  6 jackals
  18 kobolds
  A quokka (D:2)
  4 bats
  5 frilled lizards
  3 goblins
  7 rats
198 creatures vanquished.

Vanquished Creatures (others)
  13 fungi
  19 plants
32 creatures vanquished.

Grand Total: 230 creatures vanquished

Notes
Turn   | Place    | Note
-------+----------+-------------------------------------------
     0 | D:1      | concernfroge the Mummy Monk began the quest for the Orb.
     0 | D:1      | Reached XP level 1. HP: 18/18 MP: 1/1
   215 | D:1      | Reached XP level 2. HP: 18/24 MP: 2/2
  1516 | D:2      | Gained mutation: You are in touch with the powers of death.
                  | [Mummy growth]
  1516 | D:2      | Reached XP level 3. HP: 16/30 MP: 3/3
  1768 | D:2      | Identified the +1 kite shield of Watchfulness {rF+ rCorr
                  | Stlth+}
  2210 | D:2      | Found a faded altar of an unknown god.
  2757 | D:3      | Found a sacrificial altar of Ru.
  2770 | D:3      | Noticed a water moccasin
  2788 | D:3      | Killed a water moccasin
  2789 | D:3      | Reached XP level 4. HP: 28/40 MP: 4/4
  2789 | D:3      | Reached XP level 5. HP: 33/46 MP: 5/5
  3302 | D:3      | Found a burning altar of Makhleb.
  3390 | D:5      | Entered Level 5 of the Dungeon
  3424 | D:5      | Reached XP level 6. HP: 50/53 MP: 6/6
  3545 | D:5      | Found an iron altar of Okawaru.
  3739 | D:5      | Noticed Grinder
  3829 | D:6      | Noticed an orc warrior
  3895 | D:6      | Reached XP level 7. HP: 60/62 MP: 7/7
  4317 | D:5      | Became a worshipper of Warmaster Okawaru
  4317 | D:5      | Reached * piety under Okawaru
  4317 | D:5      | Reached ** piety under Okawaru
  4360 | D:5      | Killed Grinder
  4384 | D:5      | Reached XP level 8. HP: 57/72 MP: 4/8
  4412 | D:5      | Reached skill level 10 in Fighting
  4476 | D:5      | Reached skill level 3 in Polearms
  4876 | D:4      | Reached skill level 4 in Polearms
  4980 | D:4      | Noticed Natasha
  4992 | D:4      | Killed Natasha
  5144 | D:4      | Found a runed translucent door.
  5145 | D:4      | Noticed Crazy Yiuf
  5158 | D:4      | Killed Crazy Yiuf
  5337 | D:4      | Noticed Natasha
  5348 | D:4      | Killed Natasha
  5474 | D:4      | Noticed Natasha
  5481 | D:4      | Killed Natasha
  5721 | D:6      | Reached skill level 5 in Polearms
  6155 | D:7      | Reached skill level 6 in Polearms
  6218 | D:7      | Reached XP level 9. HP: 65/78 MP: 6/9
  6405 | D:7      | Reached skill level 7 in Polearms
  6433 | D:7      | Found a runed translucent gate.
  6433 | D:7      | Found a runed translucent gate.
  6433 | D:7      | Found a runed translucent gate.
  6435 | D:7      | Noticed MisterPants's ghost (novice MiAr)
  6443 | D:7      | Found a staircase to the Ecumenical Temple.
  6466 | D:7      | Found Ese Gus's Distillery.
  6472 | Temple   | Entered the Ecumenical Temple
  6809 | D:7      | Found a shimmering altar of Xom.
  6809 | D:7      | Noticed Joseph
  6818 | D:7      | Reached skill level 8 in Polearms
  6826 | D:7      | Killed Joseph
  6826 | D:7      | Reached *** piety under Okawaru
  7158 | D:7      | Reached skill level 9 in Polearms
  7191 | D:7      | Noticed Menkaure
  7204 | D:7      | Killed Menkaure
  7269 | D:7      | Reached XP level 10. HP: 71/85 MP: 10/10
  7416 | D:8      | Noticed a green ugly thing
  7443 | D:8      | Killed a green ugly thing
  7443 | D:8      | Reached **** piety under Okawaru
  7444 | D:8      | Reached skill level 10 in Polearms
  7474 | D:8      | Noticed Prince Ribbit
  7492 | D:8      | Killed Prince Ribbit
  7559 | D:8      | Found a large runed translucent door.
  7560 | D:8      | Found a large runed translucent door.
  7617 | D:8      | Found a staircase to the Lair.
  7751 | D:8      | Found a runed translucent door.
  7758 | D:8      | Found the +10 tower shield of Ignorance {rN+ Int-4}
  7765 | D:8      | Found a runed translucent door.
  7767 | D:8      | Identified the +7 ring mail of Boiling Hail {rPois rF-
                  | Dex-4 SInv}
  7884 | D:8      | Noticed an orange crystal statue
  8234 | Lair:1   | Entered Level 1 of the Lair of Beasts
  8249 | Lair:1   | Noticed a cane toad
  8266 | Lair:1   | Killed a cane toad
  8266 | Lair:1   | Received a gift from Okawaru
  8331 | Lair:1   | Reached skill level 11 in Polearms
  8359 | Lair:1   | Noticed a five-headed hydra
  8425 | Lair:2   | Noticed a five-headed hydra
  8450 | Lair:2   | Found a snail-covered altar of Cheibriados.
  8660 | Lair:2   | Killed a five-headed hydra
  8661 | Lair:2   | Reached skill level 12 in Polearms
  8695 | Lair:2   | Reached XP level 11. HP: 60/90 MP: 7/11
  8937 | Lair:2   | Found a transporter.
  8942 | Lair:2   | Found a transporter.
  8943 | Lair:2   | Noticed a four-headed hydra
  9088 | Lair:2   | HP: 4/90 [komodo dragon (28)]
  9094 | Lair:2   | Slain by a komodo dragon

Illustrated notes

Levels and vault maps discovered:
D:1:      wander_arrival_peaceful_grave, layout_basic
D:2:      layout_basic, chequers_ecumenical_altar_lobes,
          kennysheep_generic_room_4
D:3:      layout_basic, bloody_makhleb, mainiacjoe_overflow_alcove_4
D:4:      layout_gridville, uniq_natasha, uniq_crazy_yiuf_cottage
D:5:      layout_rooms, nicolae_overflow_crystal_walls, minmay_misc_feat_plants,
          dk_noncrumbling_3, uniq_grinder
D:6:      layout_basic
D:7:      layout_basic, led_xom_imps, temple_pool_b, serial_shops,
          shop_fountains, gammafunk_ghost_necromancy,
          kennysheep_decorative_pillar, uniq_joseph, uniq_menkaure
D:8:      layout_basic, jmf_multi_god_temple2, dpeg_oklobed_lair,
          chequers_guarded_unrand_ignorance, uniq_prince_ribbit1
Temple:   minmay_freezing_vapour_temple
Lair:1:   layout_chaotic_city, serial_bayou_shore_b
Lair:2:   layout_regular_city, basic_altar, gammafunk_ghost_berserking_beasts

Skill      XL: |  1  2  3  4  5  6  7  8  9 10 |
---------------+-------------------------------+-----
Fighting       | 4 6 8 9 10 | 10.0
Polearms       | 6 9 12 | 12.4
Dodging        | |  2.4
Stealth        | |  1.5

Action                   |  1- 3 |  4- 6 |  7- 9 | 10-12 || total
-------------------------+-------+-------+-------+-------++-------
Melee: Spear             |    75 |       |       |       ||    75
       Trident           |   104 |   165 |   528 |   330 ||  1127
Invok: Heroism           |       |       |    20 |    22 ||    42
Evoke: Wand              |       |     2 |     2 |     6 ||    10
  Use: Scroll            |     3 |     7 |     7 |     3 ||    20
 Stab: Sleeping          |    11 |     3 |     4 |     1 ||    19
       Distracted        |       |       |     1 |       ||     1
Armor: Robe              |    15 |       |       |       ||    15
       Ring mail         |    23 |    85 |   185 |    76 ||   369
       Leather armour    |     4 |       |       |       ||     4
Dodge: Dodged            |    72 |    71 |   202 |    78 ||   423
Block: Kite shield       |    30 |    88 |   227 |    98 ||   443

Table legend: (Time is in decaauts)
 A = Elapsed time spent in this place.
 B = Non-inter-level travel time spent in this place.
 C = Inter-level travel time spent in this place.
 D = Time resting spent in this place.
 E = Time spent auto-exploring this place.
 F = Levels seen in this place.
 G = Mean time per level.
                   A        B        C        D        E       F      G
               +--------+--------+--------+--------+--------+-----+--------+
         Total |   9229 |   8389 |    840 |    216 |   5765 |  11 |  839.0 |
       Dungeon |   8384 |   7637 |    747 |    137 |   5430 |   8 | 1048.0 |
        Temple |     15 |     11 |      4 |      0 |     10 |   1 |   15.0 |
          Lair |    829 |    741 |     88 |     79 |    325 |   2 |  414.5 |
               +--------+--------+--------+--------+--------+-----+--------+

Top non-repeatable levels by time:
     D:2: 1543 daAuts
     D:7: 1220 daAuts
     D:4: 1065 daAuts
     D:3: 958 daAuts
     D:1: 949 daAuts
     D:5: 897 daAuts
     D:8: 877 daAuts
     D:6: 871 daAuts
  Lair:2: 677 daAuts
  Lair:1: 151 daAuts
  Temple: 15 daAuts
